 Dungeon Crawl Stone Soup version 0.23-a0-642-g3120c2f (webtiles) character file.

53 MisterFreud the Scratcher (level 3, -5/25 HPs)
             Began as a Felid Berserker on Dec 30, 2018.
             Was a Believer of Trog.
             Slain by Menkaure (18 damage)
             ... on level 4 of the Dungeon.
             The game lasted 00:01:33 (770 turns).

MisterFreud the Scratcher (Felid Berserker)          Turns: 770, Time: 00:01:36

Health: -5/25      AC:  1    Str: 19    XL:     3   Next: 64%
Magic:  4/4        EV: 19    Int:  8    God:    Trog [**....]
Gold:   68         SH:  0    Dex: 15    Spells: 2/2 levels left
                                        Lives:  0   Deaths: 0

rFire    . . .     SeeInvis +     - Unarmed
rCold    . . .     Gourm    .   (shield unavailable)
rNeg     . . .     Faith    .   (armour unavailable)
rPois    .         Spirit   .   (helmet unavailable)
rElec    .         Reflect  .   (cloak unavailable)
rCorr    .         Harm     .   (gloves unavailable)
MR       .....                  (boots unavailable)
Stlth    ..........             (no amulet)
HPRegen  0.08/turn              (no ring)
MPRegen  0.09/turn              (no ring)

@: confused, berserking, very quick
A: very small, no armour, no weapons or thrown items, stealth, claws 1, fangs 3,
see invisible, carnivore, speed 1, shaggy fur 1, slow metabolism 1, sharp paws
a: Berserk, Trog's Hand, Renounce Religion


You were on level 4 of the Dungeon.
You worshipped Trog.
Trog was pleased with you.
You were very full.

You visited 1 branch of the dungeon, and saw 3 of its levels.

You collected 68 gold pieces.

Inventory:

Scrolls
 b - 2 scrolls of identify {unknown}
 c - a scroll of immolation {unknown}
 d - a scroll of enchant weapon {unknown}
Potions
 e - a potion of degeneration {unknown}
 f - a potion of curing {unknown}
Comestibles
 a - 4 rations


   Skills:
 - Level 3.0 Fighting
 - Level 4.0 Dodging
 + Level 1.3 Stealth
 * Level 4.5 Unarmed Combat


You had 2 spell levels left.
You didn't know any spells.
Your spell library was empty.

Dungeon Overview and Level Annotations

Branches:
Dungeon (2/15)

Altars:
Gozag
Qazlal

Annotations:
D:4 Menkaure


Innate Abilities, Weirdness & Mutations

You cannot wear armour.
You are incapable of wielding weapons or throwing items.
Your paws allow you to move quietly. (Stealth)
You have sharp claws.
You have razor-sharp teeth.
You have supernaturally acute eyesight. (SInv)
You are carnivorous and can eat meat at any time.
You cover ground quickly.
You are covered in fur. (AC +1)
You have a slow metabolism.
Your sharp claws are effective at attacking unaware monsters.


Message History

You feel yourself moving faster!
You feel mighty!
You feel a lot less full.
Ijyb zaps a wand.
Your will is overpowered!
You are confused.
You barely miss Ijyb.
Ijyb is heavily wounded.
Ijyb barely misses you.
Menkaure gestures at you while chanting.
Pain shoots through your body!
You miss Ijyb.
Ijyb is heavily wounded.
Menkaure closely misses you. Ijyb closely misses you.
You claw Ijyb! Your claw misses Ijyb.
Ijyb is severely wounded.
You claw Ijyb!
You kill Ijyb!
Trog accepts your kill.
Your Stealth skill increases to level 1!
Menkaure hits you!!
Ouch! That really hurt!
You die...

.............#
..............#
..............#####
...................#
...............###.#
...............# #.#
............># #.#
#.##..)###### #.#
#.....M@.# #.#
#......_.# #.#
#.........# #.#
#....8....#
#........?#
#.._.....##
#........#
#......### ..######


You could see Menkaure.

Vanquished Creatures
  Ijyb (D:4)
  An adder (D:2)
  3 dart slugs (D:1)
  A ball python (D:1)
  3 giant cockroaches
  3 goblins
  2 hobgoblins (D:1)
  A quokka (D:2)
  2 bats (D:1)
  2 frilled lizards (D:1)
  3 kobolds
  2 rats
24 creatures vanquished.

Notes
Turn   | Place    | Note
-------+----------+-------------------------------------------
     0 | D:1      | MisterFreud the Felid Berserker began the quest for the
                  | Orb.
     0 | D:1      | Reached XP level 1. HP: 10/10 MP: 2/2
    54 | D:1      | Reached XP level 2. HP: 10/14 MP: 3/3
   455 | D:2      | Reached XP level 3. HP: 11/17 MP: 4/4
   696 | D:2      | Reached ** piety under Trog
   733 | D:2      | You fall through a shaft for 2 floors!
   740 | D:4      | Noticed Ijyb
   741 | D:4      | Found an opulent altar of Gozag.
   741 | D:4      | Noticed Menkaure
   742 | D:4      | Found a stormy altar of Qazlal.
   770 | D:4      | Killed Ijyb
   770 | D:4      | Reached skill level 1 in Stealth
   770 | D:4      | Slain by Menkaure

Vault maps used:
D:1:      minmay_arrival_stone_box
D:2:      minmay_between
D:4:      grunt_temple_overflow_open, first_ration, grunt_decor_cap,
          lemuel_angel_altar, uniq_menkaure, uniq_ijyb

Skill      XL: |  1  2  3 |
---------------+----------+-----
Unarmed Combat | 4 |  4.5
Stealth        | 1 |  1.3
Fighting       | |  3.0
Dodging        | |  4.0

Action                   || total
-------------------------++-------
Melee: Unarmed           ||    50
       Bite              ||     3
       Punch             ||     1
Invok: Berserk           ||     1
 Stab: Sleeping          ||     1
  Eat: Chunk             ||     6
Dodge: Dodged            ||    36

Table legend:
 A = Non-vault XP
 B = Vault XP
 C = Vault XP percentage of total XP
 D = Non-vault monster count
 E = Vault monster count
 F = Vault count percentage of total count
                 A         B        C        D         E       F
            +---------+---------+-------+---------+---------+-------
      Total |      57 |      20 |  26.0 |      23 |       1 |   4.2
            +---------+---------+-------+---------+---------+-------
        D:1 |      35 |       0 |   0.0 |      17 |       0 |   0.0
        D:2 |      22 |       0 |   0.0 |       6 |       0 |   0.0
        D:4 |       0 |      20 | 100.0 |       0 |       1 | 100.0
            +---------+---------+-------+---------+---------+-------
